 Dungeon Crawl Stone Soup version 0.18.1-6-gd335043 (webtiles) character file.

623 shinino the Bolt Thrower (level 7, -9/36 HPs)
             Began as a Spriggan Hunter on May 16, 2016.
             Was an Initiate of Cheibriados.
             Mangled by an orc warrior
             ... wielding a +0 halberd
              (14 damage)
             ... on level 4 of the Dungeon.
             The game lasted 00:17:58 (5737 turns).

shinino the Bolt Thrower (Spriggan Hunter)          Turns: 5737, Time: 00:17:58

Health: -9/36      AC:  3    Str:  9    XL:     7   Next: 22%
Magic:  2/2        EV: 23    Int: 13    God:    Cheibriados [......]
Gold:   201        SH:  0    Dex: 23    Spells: 0 memorised, 6 levels left

rFire  . . .     SeeInvis +     a - +1 short sword (antimagic)
rCold  . . .     Gourm    .     c - +0 robe
rNeg   . . .     Faith    .     (shield restricted)
rPois  .         Spirit   .     (helmet restricted)
rElec  .         Dismiss  .     l - +0 cloak
rCorr  .         Reflect  .     (gloves unavailable)
SustAt .         Harm     .     (boots unavailable)
MR     +....                    (no amulet)
Stlth  ++++......               (no ring)
                                m - +3 ring of dexterity

@: very slightly contaminated, hasted, very quick, somewhat resistant to hostile
enchantments, stealthy
A: unfitting armour, see invisible, herbivore 3, speed 3, slow metabolism 2
a: Bend Time, Renounce Religion


You were on level 4 of the Dungeon.
You worshipped Cheibriados.
Cheibriados was noncommittal.
You were not hungry.

You visited 1 branch of the dungeon, and saw 4 of its levels.
You also visited: Sewer.

You collected 201 gold pieces.

Inventory:

Hand Weapons
 a - a +1 antimagic short sword (weapon)
 b - a +1 hand crossbow
 r - a +0 short sword
Armour
 c - a +0 robe (worn)
 l - a +0 cloak (worn)
Jewellery
 m - a +3 ring of dexterity (left hand)
Wands
 h - a wand of disintegration (1/24)
 t - a wand of confusion (8/48)
Scrolls
 f - 3 scrolls of remove curse
 i - 4 scrolls of recharging
 n - a scroll of random uselessness {unknown}
 p - a scroll of fog {unknown}
 q - a scroll of blinking {unknown}
 s - a scroll of teleportation
Potions
 o - 2 potions of might


   Skills:
 - Level 3.0 Fighting
 + Level 3.1 Short Blades
 * Level 6.0 Crossbows
 + Level 5.9 Dodging
 + Level 4.6 Stealth


You had 6 spell levels left.
You didn't know any spells.

Dungeon Overview and Level Annotations

Branches:
Dungeon (4/15)
 Temple: D:4-7

Altars:
Cheibriados
Okawaru
Pakellas
Zin


Innate Abilities, Weirdness & Mutations

You are tiny and cannot use many weapons and most armour.
You have supernaturally acute eyesight.
You are a herbivore.
You cover ground extremely quickly.
You need consume almost no food.


Message History

The orc warrior is lightly wounded.
You hit the orc warrior.
The orc warrior is moderately wounded.
The orc warrior completely misses you.
You closely miss the orc warrior.
The orc warrior is moderately wounded.
The orc warrior barely misses you.
You hit the orc warrior.
The orc warrior is heavily wounded.
An orc wizard comes into view. It is wielding a dagger.
You closely miss the orc warrior.
The orc warrior is heavily wounded.
The orc wizard shouts!
The orc warrior closely misses you.
You closely miss the orc warrior.
The orc warrior is heavily wounded.
You barely miss the orc warrior.
The orc warrior is heavily wounded.
The orc warrior hits you with a halberd!
You die...

#....################
'....'...............
#....#####.####.#####
###### #.####.# #
#......####### #
#......#.....# #
#........###.##########
# #........#
#.#......... #
#......@.# #.#)########
# #..)...#o###'#'######
# #......#............#
# #.####.#............#
+ +.. #.#รท...........#
#
##.####o#............#
# #........(.((.......#
# #..###.##...........#
# # #.##...........#


You could see an orc warrior and an orc wizard.

Vanquished Creatures
  An ogre (D:4)
  A big kobold (Sewer)
  A hound (D:4)
  An orc wizard (D:3)
  An orc priest (D:3)
  Crazy Yiuf (D:2)
  A worker ant (D:4)
  A hound skeleton (D:4)
  2 gnolls (D:1)
  12 adders
  3 river rats
  2 oozes (Sewer)
  7 worms
  2 dart slugs
  6 giant geckos
  13 orcs
  2 giant cockroaches
  10 hobgoblins
  4 jackals (D:3)
  A quokka (D:2)
  2 ball pythons
  3 bats
  A giant gecko skeleton (D:4)
  3 giant newts
  11 goblins
  19 kobolds
  17 rats
  A bush (D:2)
129 creatures vanquished.

Notes
Turn   | Place    | Note
--------------------------------------------------------------
     0 | D:1      | shinino the Spriggan Hunter began the quest for the Orb.
     0 | D:1      | Reached XP level 1. HP: 10/10 MP: 2/2
    77 | D:1      | Reached XP level 2. HP: 15/15 MP: 3/3
   315 | D:1      | Reached XP level 3. HP: 12/18 MP: 4/4
  1579 | D:2      | Found an iron altar of Okawaru.
  1589 | D:2      | Reached XP level 4. HP: 22/23 MP: 5/5
  1929 | D:2      | Gained mutation: You have a pair of small horns on your head. [potion of beneficial mutation]
  2203 | D:2      | Found an oddly glowing altar of Pakellas.
  2311 | D:2      | Noticed Crazy Yiuf
  2317 | D:2      | Killed Crazy Yiuf
  2317 | D:2      | Reached skill level 1 in Short Blades
  2317 | D:2      | Reached XP level 5. HP: 27/27 MP: 6/6
  2483 | D:2      | Found a snail-covered altar of Cheibriados.
  2493 | D:2      | Became a worshipper of Cheibriados the Contemplative
  3346 | D:3      | Reached skill level 5 in Crossbows
  3393 | D:3      | Found a glowing silver altar of Zin.
  3687 | D:3      | Found a glowing drain.
  3691 | Sewer    | Entered a sewer
  4067 | Sewer    | Reached XP level 6. HP: 27/32 MP: 7/7
  4188 | Sewer    | Reached skill level 5 in Dodging
  5434 | D:4      | Reached XP level 7. HP: 35/36 MP: 2/8
  5482 | D:4      | Reached skill level 6 in Crossbows
  5724 | D:4      | Lost mutation: You have a pair of small horns on your head. [potion of cure mutation]
  5737 | D:4      | Mangled by an orc warrior

Skill      XL: |  1  2  3  4  5  6  7 |
---------------+----------------------+-----
Stealth        | 2 3 4 |  4.6
Fighting       | 2 3 |  3.0
Dodging        | 4 5 |  5.9
Short Blades   | 1 2 3 |  3.1
Crossbows      | 5 6 |  6.0

Action                   |  1- 3 |  4- 6 |  7- 9 || total
-------------------------+-------+-------+-------++-------
Melee: Short sword       |    56 |   451 |    31 ||   538
       Headbutt          |       |   110 |     5 ||   115
 Fire: Hand crossbow     |    43 |    74 |    12 ||   129
Invok: Bend Time         |       |       |     1 ||     1
  Use: Scroll            |     5 |     2 |       ||     7
       Potion            |       |     1 |     6 ||     7
 Stab: Sleeping          |     2 |    12 |       ||    14
  Eat: Bread ration      |       |     1 |       ||     1
Armor: Robe              |     6 |    30 |     2 ||    38
Dodge: Dodged            |    47 |   287 |    35 ||   369
